 Dungeon Crawl Stone Soup version 0.24.0-37-gcf1ca852f1 (console) character file.

Game seed: 8099098107507551001, levelgen mode: deterministic

14 AlterAsc the Insei (level 2, 0/18 HPs)
             Began as an Octopode Transmuter on Nov 24, 2019.
             Slain by a frilled lizard (3 damage)
             ... on level 1 of the Dungeon.
             The game lasted 00:01:11 (266 turns).

AlterAsc the Insei (Octopode Transmuter)             Turns: 266, Time: 00:01:12

Health: 0/18       AC:  1    Str:  9    XL:     2   Next: 41%
Magic:  5/5        EV: 13    Int: 15    God:
Gold:   11         SH:  0    Dex: 12    Spells: 4/5 levels left

rFire    . . .     SeeInvis .     - Unarmed
rCold    . . .     Gourm    .   (no shield)
rNeg     . . .     Faith    .   (helmet restricted)
rPois    .         Spirit   .   (no amulet)
rElec    .         Reflect  .   (no ring)
rCorr    .         Harm     .   (no ring)
MR       .....                  (no ring)
Stlth    ++........             (no ring)
HPRegen  0.06/turn              (no ring)
MPRegen  0.09/turn              (no ring)
                                (no ring)
                                (no ring)

@: no status effects
A: almost no armour, stealthy swim, amphibious, 8 rings, constrict 8, camouflage
1, gelatinous body 1
a: no special abilities


You were on level 1 of the Dungeon.
You were not hungry.

You visited 1 branch of the dungeon, and saw 1 of its levels.

You collected 11 gold pieces.

Inventory:

Missiles
 a - 12 arrows
Scrolls
 d - a scroll of noise {unknown}
Comestibles
 b - 3 chunks of flesh
 c - a ration


   Skills:
 + Level 1.3 Fighting
 - Level 2.0 Dodging
 * Level 3.3 Unarmed Combat
 + Level 2.1 Spellcasting
 + Level 2.2 Transmutations


You had 4 spell levels left.
You knew the following spells:

 Your Spells              Type           Power        Failure   Level  Hunger
a - Beastly Appendage     Tmut           #.....       9%          1    #......

Your spell library contained the following spells:

 Spells                   Type           Power        Failure   Level  Hunger
 Sticks to Snakes         Tmut           #.......     13%         2    ###....
 Spider Form              Tmut/Pois      #.........   38%         3    ###....
 Ice Form                 Ice/Tmut       #.......     80%         4    #####..
 Blade Hands              Tmut           #.........   94%         5    ######.


Dungeon Overview and Level Annotations

Branches:
Dungeon (1/15)

Altars:


Innate Abilities, Weirdness & Mutations

You cannot wear most types of armour.
You are very stealthy in the water. (Stealth+)
You are amphibious.
You can wear up to eight rings at the same time.
You can use your tentacles to constrict eight enemies at once.
Your skin changes colour to match your surroundings (Stealth+).
Your rubbery body absorbs attacks. (AC +1, EV +1)


Message History

Your squeeze misses the goblin.
The goblin is moderately wounded.
You constrict the goblin, but do no damage.
The goblin closely misses you.
You barely miss the goblin.
You squeeze the goblin, but do no damage.
The goblin is moderately wounded.
You constrict the goblin. The goblin hits you but does no damage.
The leopard gecko enters a dispersal trap!
The frilled lizard blinks!
You barely miss the goblin. You squeeze the goblin.
You kill the goblin!
The frilled lizard barely misses you. The frilled lizard barely misses you.
The frilled lizard closely misses you.
You open the door.
There is an open door here.
You closely miss the frilled lizard. You grab the frilled lizard.
You constrict the frilled lizard. The frilled lizard bites you.
You die...

##############.########### .
#..............####
#.########........#
#).......# #........#
#######........#
...............#
...............#
...........@...#
..........#l##########
..........#.#####....#
..........#.l..l.....+
.......##########....#######
....... +.)..'...§†. .......
#....####### ######


You could see a leopard gecko and a frilled lizard.

Vanquished Creatures
  A dart slug (D:1)
  A leopard gecko (D:1)
  A giant cockroach (D:1)
  3 goblins (D:1)
  2 kobolds (D:1)
  A bat (D:1)
  A rat (D:1)
10 creatures vanquished.

Notes
Turn   | Place    | Note
-------+----------+-------------------------------------------
     0 | D:1      | AlterAsc the Octopode Transmuter began the quest for the
                  | Orb.
     0 | D:1      | Reached XP level 1. HP: 13/13 MP: 3/3
   198 | D:1      | Reached XP level 2. HP: 17/18 MP: 5/5
   266 | D:1      | Slain by a frilled lizard

Levels and vault maps discovered:
D:1:      erik_arrival_gehennom, layout_basic

Action                   || total
-------------------------++-------
Melee: Unarmed           ||    28
       Constrict         ||    10
       Tentacles         ||     7
 Stab: Sleeping          ||     4
Armor: Skin              ||     1
Dodge: Dodged            ||    24
